 Dungeon Crawl Stone Soup version 0.23-a0-519-ga799fc4 (webtiles) character file.

18404 jerryfan the Geomancer (level 12, -6/78 HPs)
             Began as a Gargoyle Earth Elementalist on Dec 4, 2018.
             Was a High Priest of Vehumet.
             Shot with an arrow by a centaur (7 damage)
             ... on level 12 of the Dungeon on Dec 6, 2018.
             The game lasted 01:14:42 (17344 turns).

jerryfan the Geomancer (GrEE)                      Turns: 17344, Time: 01:14:43

Health: -6/78      AC:  0    Str: 18    XL:     12   Next: 58%
Magic:  25/25      EV: 14    Int: 25    God:    Vehumet [*****.]
Gold:   514        SH:  0    Dex: 10    Spells: 11/29 levels left

rFire    . . .     SeeInvis .   (weapon currently unavailable)
rCold    . . .     Gourm    .   (shield currently unavailable)
rNeg     + . .     Faith    .   (armour currently unavailable)
rPois    ∞         Spirit   .   (helmet currently unavailable)
rElec    .         Reflect  .   (cloak currently unavailable)
rCorr    .         Harm     .   (gloves currently unavailable)
MR       .....                  (boots currently unavailable)
Stlth    ++........             (no amulet)
HPRegen  0.23/turn              (ring currently unavailable)
MPRegen  0.19/turn              (ring currently unavailable)

@: mighty, brilliant, pig-form, flying, hasted and slowed, very quick
A: small, negative energy resistance 1, petrification resistance, rot immunity,
AC +8
a: Renounce Religion


You were on level 12 of the Dungeon.
You worshipped Vehumet.
Vehumet was extremely pleased with you.
You were hungry.
You were a filthy swine.
You visited 2 branches of the dungeon, and saw 13 of its levels.
You also visited: Ossuary.

You collected 514 gold pieces.

Inventory:

Hand Weapons
 g - a +1 dagger of chaos
 l - a +2 dagger of protection (melded)
 y - a +2 dagger of draining
 J - a +5 morningstar
Missiles
 s - 117 stones (quivered)
 L - a throwing net
Armour
 c - a +0 robe (melded)
 o - a +0 pair of boots (melded)
 p - a +2 helmet (melded)
 t - a +0 pair of gloves (melded)
 N - a scarf of cloud immunity (melded)
Jewellery
 k - an uncursed ring of fire
 m - a +5 ring of strength
 u - a +4 ring of intelligence (melded)
 v - a +4 ring of protection (melded)
Wands
 D - a wand of acid (16)
 E - a wand of clouds (3)
 G - a wand of random effects (20)
 I - a wand of paralysis (42)
 K - a wand of flame (21)
 M - a wand of iceblast (21)
 P - a wand of digging (6)
 Q - a wand of polymorph (13)
 T - a wand of scattershot (6)
Scrolls
 a - 3 scrolls of immolation {unknown}
 b - a scroll of noise {unknown}
 e - 11 scrolls of remove curse
 f - 14 scrolls of identify
 i - 3 scrolls of magic mapping {unknown}
 n - 3 scrolls of enchant armour {unknown}
 q - 3 scrolls of blinking {unknown}
 r - a scroll of enchant weapon {unknown}
 z - 3 scrolls of teleportation
 A - a scroll of amnesia
 B - a scroll of random uselessness {unknown}
 H - 2 scrolls of fog {unknown}
Potions
 h - 2 potions of might
 x - a potion of degeneration
 C - 3 potions of haste
 F - a potion of agility
 R - 2 potions of flight
 U - a potion of brilliance
Miscellaneous
 S - a phial of floods
Comestibles
 d - 9 rations
 V - 3 chunks of flesh


   Skills:
 + Level 10.4 Fighting
 + Level 10.5 Armour
 - Level 1.5 Dodging
 - Level 2.1 Stealth
 + Level 9.1 Spellcasting
 + Level 7.6 Conjurations
   Level 0.7 Transmutations
 + Level 11.8 Earth Magic


You had 11 spell levels left.
You knew the following spells:

 Your Spells              Type           Power        Failure   Level  Hunger
a - Sandblast             Erth           ######       1%          1    None
b - Stone Arrow           Conj/Erth      ######       1%          3    None
c - Lee's Rapid Deconstr  Erth           ######....   1%          5    ####...
d - Confusing Touch       Hex            ####..       1%          1    None
e - Flame Tongue          Conj/Fire      #####        1%          1    None
f - Static Discharge      Conj/Air       #####...     1%          3    None
g - Iskenderun's Mystic   Conj           ######..     1%          4    ##.....

Your spell library contained the following spells:

 Spells                   Type           Power        Failure   Level  Hunger
 Olgreb's Toxic Radiance  Pois           ####....     6%          4    ##.....
 Infusion                 Chrm           ####         1%          1    None
 Passwall                 Tmut/Erth      ######..     1%          2    None
 Song of Slaying          Chrm           ####....     1%          2    None
 Throw Flame              Conj/Fire      #####.       1%          2    None
 Confuse                  Hex            ####....     1%          3    None
 Conjure Flame            Conj/Fire      #####...     1%          3    None
 Gell's Gravitas          Tloc           ####......   1%          3    None
 Inner Flame              Hex/Fire       ####....     1%          3    None
 Petrify                  Tmut/Erth      ######..     1%          4    ##.....
 Sticky Flame             Conj/Fire      #####...     1%          4    ##.....
 Fireball                 Conj/Fire      #####.....   3%          5    ####...
 Iskenderun's Battlesphe  Conj/Chrm      #####...     3%          5    ####...
 Yara's Violent Unravell  Hex/Tmut       ####......   14%         5    ####...
 Excruciating Wounds      Chrm/Necr      ####......   16%         5    ####...
 Metabolic Englaciation   Hex/Ice        ####......   16%         5    ####...
 Ring of Flames           Chrm/Fire      ####......   96%         7    #######


Dungeon Overview and Level Annotations

Branches:
Dungeon (12/15)            Temple (1/1) D:4            Lair (0/6) D:10
    Orc: D:9-12

Altars:
Ashenzari
Dithmenos
Elyvilon
Fedhas
Gozag
Hepliaklqana
Kikubaaqudgha
Makhleb
Nemelex Xobeh
Okawaru
Qazlal
Ru
Sif Muna
Trog
Uskayaw
Vehumet
Wu Jian
Xom
Yredelemnul
Zin
The Shining One
Jiyva

Shops:
D:12 !*(

Annotations:
D:2 1 runed door
D:3 exclusion: downstairs
D:4 exclusion: downstairs
D:7 exclusion: downstairs
D:8 exclusion: downstairs
D:10 exclusion: downstairs
D:11 exclusion: downstairs
D:12 Josephine, Kirke


Innate Abilities, Weirdness & Mutations

You are resistant to torment.
((Your stone body is resilient. (AC +8)))
You are immune to poison.
You resist negative energy. (rN+)
((You are resistant to electric shocks. (rElec)))
((You can survive without breathing.))
You are immune to petrification.
You are immune to rotting.


Message History

The worker ant bites you!
* * * LOW HITPOINT WARNING * * *
You feel better.
You feel less invigorated. The centaur misses you. The centaur hits you!
* * * LOW HITPOINT WARNING * * *
The worker ant barely misses you. The centaur closely misses you.
The worker ant misses you.
It was a potion of brilliance.
You feel clever all of a sudden. The centaur closely misses you.
The worker ant barely misses you. The centaur hits you.
* * * LOW HITPOINT WARNING * * *
Okay, then.
You feel yourself speed up. The worker ant bites you!
* * * LOW HITPOINT WARNING * * *
The centaur closely misses you. The worker ant misses you.
The centaur misses you.
The centaur wields a +0 shortbow.
The centaur shoots an arrow.
The arrow hits you!
You die...

#. #. #. #.
#. #.
#.#########
#.h(a......
#...c......
###########


You could see a centaur and a worker ant.

Vanquished Creatures
  Snorg (D:12)
  A hydra (D:12)
  4 two-headed ogres
  A cyclops (D:12)
  2 ugly things
  2 centaur zombies (D:12)
  A gargoyle (D:10)
  A troll (D:12)
  A hornet (D:8)
  5 slime creatures (D:12)
  A hippogriff (D:12)
  12 yaks
  4 wraiths
  4 hogs (D:12)
  A steam dragon (D:12)
  2 hungry ghosts
  4 vampire mosquitoes (D:12)
  2 water moccasins
  An ice beast (D:5)
  2 sky beasts
  7 orc warriors
  2 necrophages (D:8)
  3 ogres
  2 phantoms
  9 centaurs
  2 big kobolds (D:3)
  9 bullfrogs
  A wyvern zombie (D:6)
  7 scorpions
  6 killer bees (D:11)
  18 wights
  4 howler monkeys
  8 crimson imps
  5 bullfrog zombies
  4 jellies
  10 orc priests
  5 hounds
  4 bullfrog skeletons
  3 centaur skeletons
  5 iguanas
  Ijyb (D:7)
  14 orc wizards
  10 worker ants
  A hound zombie (D:5)
  2 hound skeletons
  A howler monkey skeleton (D:5)
  Robin (D:2)
  6 gnolls
  7 adders
  4 shadow imps
  2 oozes
  An adder zombie (Ossuary)
  2 adder skeletons (D:4)
  4 worms
  4 dart slugs
  7 leopard geckos
  35 orcs
  20 bats
  7 giant cockroaches
  13 goblins
  14 hobgoblins
  2 jackals (Temple)
  2 quokkas
  A ball python (D:1)
  3 ball python skeletons (Ossuary)
  7 frilled lizards
  2 hobgoblin skeletons (Ossuary)
  A hobgoblin zombie (Ossuary)
  A jackal skeleton (D:4)
  23 kobolds
  A leopard gecko zombie (D:6)
  3 orc zombies (Ossuary)
  A quokka skeleton (D:9)
  13 rats
382 creatures vanquished.

Vanquished Creatures (others)
  A howler monkey (D:4)
  A hound (D:4)
  2 fungi (D:5)
4 creatures vanquished.

Grand Total: 386 creatures vanquished

Notes
Turn   | Place    | Note
-------+----------+-------------------------------------------
     0 | D:1      | jerryfan the Gargoyle Earth Elementalist began the quest
                  | for the Orb.
     0 | D:1      | Reached XP level 1. HP: 10/10 MP: 3/3
   245 | D:1      | Reached XP level 2. HP: 16/16 MP: 5/5
   384 | D:1      | Reached skill level 1 in Fighting
   426 | D:1      | Reached skill level 1 in Armour
   589 | D:1      | Reached skill level 4 in Earth Magic
   626 | D:1      | Reached XP level 3. HP: 20/20 MP: 4/6
   631 | D:1      | Learned a level 3 spell: Stone Arrow
  1316 | D:2      | Reached XP level 4. HP: 13/26 MP: 0/7
  1935 | D:2      | Found a runed door.
  2044 | D:2      | Found an opulent altar of Gozag.
  2102 | D:2      | Noticed Robin
  2138 | D:2      | Killed Robin
  2416 | D:2      | Found a stormy altar of Qazlal.
  2464 | D:2      | Reached XP level 5. HP: 28/30 MP: 9/9
  2772 | D:3      | Learned a level 5 spell: Lee's Rapid Deconstruction
  2773 | D:3      | Found a faded altar of an unknown god.
  3278 | D:3      | Found a hazy altar of Hepliaklqana.
  3282 | D:3      | Noticed a big kobold
  3346 | D:3      | Noticed a big kobold
  3375 | D:3      | Killed a big kobold
  3375 | D:3      | Reached skill level 5 in Earth Magic
  3375 | D:3      | Reached XP level 6. HP: 26/36 MP: 10/10
  3575 | D:3      | Found a shadowy altar of Dithmenos.
  4072 | D:4      | Found a staircase to the Ecumenical Temple.
  4083 | Temple   | Entered the Ecumenical Temple
  4266 | Temple   | Became a worshipper of Sif Muna the Loreminder
  4273 | Temple   | Fell from the grace of Sif Muna
  4280 | Temple   | Became a worshipper of Vehumet
  4471 | D:4      | Reached XP level 7. HP: 32/41 MP: 12/12
  4556 | D:4      | Noticed Ijyb
  4781 | D:4      | Found a burning altar of Makhleb.
  4781 | D:4      | Found a shimmering altar of Xom.
  5806 | D:5      | Entered Level 5 of the Dungeon
  5904 | D:5      | Reached skill level 6 in Earth Magic
  6608 | D:5      | Reached XP level 8. HP: 48/48 MP: 14/14
  6760 | D:5      | Reached * piety under Vehumet
  6760 | D:5      | Offered knowledge of Freeze by Vehumet.
  6932 | D:5      | Upgraded the game from 0.23-a0-512-g50a8178 to
                  | 0.23-a0-516-g0f8c245
  6939 | D:5      | Reached skill level 5 in Armour
  6945 | D:5      | Reached skill level 5 in Fighting
  7543 | D:5      | Reached skill level 7 in Earth Magic
  7925 | D:6      | Reached skill level 5 in Spellcasting
  8326 | D:6      | Found a sand-covered staircase.
  8334 | Ossuary  | Entered an ossuary
  8425 | Ossuary  | Reached ** piety under Vehumet
  8446 | Ossuary  | Noticed a flying skull
  8446 | Ossuary  | Noticed a wraith
  8453 | Ossuary  | Noticed a flying skull
  8513 | Ossuary  | Offered knowledge of Flame Tongue by Vehumet.
  8529 | Ossuary  | Noticed a wraith
  8537 | Ossuary  | Killed a wraith
  8537 | Ossuary  | Reached XP level 9. HP: 50/55 MP: 9/17
  9154 | D:7      | Found an ornate altar of the Wu Jian Council.
  9165 | D:7      | Reached skill level 8 in Earth Magic
  9179 | D:7      | Found a shattered altar of Ashenzari.
  9223 | D:7      | Found a bloodstained altar of Trog.
  9331 | D:7      | Learned a level 1 spell: Confusing Touch
 10340 | D:7      | Learned a level 1 spell: Flame Tongue
 10404 | D:7      | Killed Ijyb
 10538 | D:7      | Reached skill level 1 in Conjurations
 10662 | D:7      | Offered knowledge of Static Discharge by Vehumet.
 10667 | D:7      | Learned a level 3 spell: Static Discharge
 10798 | D:7      | Found a basalt altar of Yredelemnul.
 10798 | D:7      | Found an ancient bone altar of Kikubaaqudgha.
 10799 | D:7      | Found an iron altar of Okawaru.
 11099 | D:8      | Reached XP level 10. HP: 59/63 MP: 19/19
 11225 | D:8      | Reached skill level 9 in Earth Magic
 11763 | D:8      | Noticed a two-headed ogre
 11833 | D:8      | Killed a two-headed ogre
 11833 | D:8      | Reached *** piety under Vehumet
 12442 | D:8      | Was forgiven by Sif Muna
 12635 | D:9      | Noticed a two-headed ogre
 12637 | D:9      | Noticed a two-headed ogre
 12639 | D:9      | Killed a two-headed ogre
 12639 | D:9      | Reached skill level 10 in Earth Magic
 12639 | D:9      | Reached XP level 11. HP: 69/69 MP: 1/22
 12981 | D:9      | Identified the Almanac of Aid
 12994 | D:9      | Killed a two-headed ogre
 13095 | D:9      | Offered knowledge of Fulminant Prism by Vehumet.
 13095 | D:9      | Reached skill level 5 in Conjurations
 13663 | D:9      | Found a hide-covered altar of Uskayaw.
 13665 | D:9      | Found a shattered altar of Ashenzari.
 13665 | D:9      | Found a shimmering altar of Xom.
 13667 | D:9      | Found a basalt altar of Yredelemnul.
 13667 | D:9      | Found a burning altar of Makhleb.
 13667 | D:9      | Found a sacrificial altar of Ru.
 13801 | D:10     | Entered Level 10 of the Dungeon
 14040 | D:10     | Found a staircase to the Lair.
 14341 | D:10     | Reached **** piety under Vehumet
 14416 | D:10     | Noticed a red ugly thing
 14429 | D:10     | Killed a red ugly thing
 14496 | D:10     | Offered knowledge of Iskenderun's Mystic Blast by Vehumet.
 14503 | D:10     | Learned a level 4 spell: Iskenderun's Mystic Blast
 15182 | D:11     | Upgraded the game from 0.23-a0-516-g0f8c245 to
                  | 0.23-a0-519-ga799fc4
 15322 | D:11     | Noticed a two-headed ogre
 15334 | D:11     | Killed a two-headed ogre
 15334 | D:11     | Reached skill level 11 in Earth Magic
 15515 | D:11     | Noticed a green ugly thing
 15535 | D:11     | Killed a green ugly thing
 15713 | D:12     | Noticed a two-headed ogre
 15796 | D:12     | Noticed Snorg
 15884 | D:12     | Found Omomiv's General Store.
 15911 | D:12     | Reached XP level 12. HP: 62/77 MP: 17/24
 15920 | D:12     | Noticed Kirke
 16022 | D:12     | Found Efum's Distillery.
 16088 | D:12     | Reached skill level 10 in Armour
 16294 | D:12     | Reached ***** piety under Vehumet
 16429 | D:12     | Reached skill level 10 in Fighting
 16503 | D:12     | Offered knowledge of Olgreb's Toxic Radiance by Vehumet.
 16568 | D:12     | Killed Snorg
 16656 | D:12     | Found Ibeliat's Antique Weapon Emporium.
 16691 | D:12     | Noticed an eight-headed hydra
 16968 | D:12     | Killed an eight-headed hydra
 17229 | D:12     | Noticed Josephine
 17340 | D:12     | HP: 3/78 [worker ant (7)]
 17343 | D:12     | HP: 1/78 [worker ant (7)]
 17344 | D:12     | Shot with an arrow by a centaur

Vault maps used:
D:1:      enne_arrival_octagon_isle, minmay_cut_off
D:2:      lemuel_coloured_pillars_altar, nicolae_overflow_crystal_walls,
          uniq_robin, uniq_crazy_yiuf_cottage
D:3:      cheibrodos_thug_alley, overflow_temple_1_default, old_standard_altar,
          chequers_ecumenical_altar_simple_redux, first_ration,
          minmay_pentomino_pile
D:4:      grunt_temple_overflow_champion_of_chaos,
          minmay_temple_entry_drinking_statues, uniq_ijyb
D:5:      old_forge
D:6:      nicolae_ossuary_entry_plus
D:7:      ashenzari_conservatory_becter, old_standard_altar,
          nicolae_overflow_hidden_temple
D:9:      doesnt_xom_only_xom
D:10:     lair_entry_dummy
D:12:     david_orc_1_choice, serial_shops, nicolae_shop_trees, shop,
          nicolae_shop_window_shopping, kennysheep_mini_moat,
          nicolae_shop_stone, uniq_snorg, uniq_kirke, uniq_josephine
Temple:   pf_slime_end_temple
Ossuary:  ossuary_due_cavern

Skill      XL: |  1  2  3  4  5  6  7  8  9 10 11 12 |
---------------+-------------------------------------+-----
Fighting       | 1 2 3 4 6 7 8 9 10 | 10.4
Armour         | 1 2 3 4 6 7 8 9 10 | 10.5
Earth Magic    | 4 5 6 7 8 10 11 | 11.8
Spellcasting   | 3 4 5 6 7 8 9 |  9.1
Conjurations   | 1 4 6 7 |  7.6
Dodging        | |  1.5
Stealth        | |  2.1
Transmutations | |  0.7

Action                   |  1- 3 |  4- 6 |  7- 9 | 10-12 || total
-------------------------+-------+-------+-------+-------++-------
Melee: Unarmed           |   112 |    26 |       |     8 ||   146
       Dagger            |       |   311 |   932 |   356 ||  1599
Throw: Stone             |       |       |     1 |       ||     1
 Cast: Sandblast         |    22 |    41 |    48 |    77 ||   188
       Stone Arrow       |     2 |     4 |    49 |    25 ||    80
       Confusing Touch   |       |       |     9 |    19 ||    28
       Lee's Rapid Decon |       |       |     4 |   113 ||   117
       Static Discharge  |       |       |       |    10 ||    10
Invok: Renounce Religion |       |     1 |       |       ||     1
Evoke: Wand              |       |       |     5 |       ||     5
  Use: Scroll            |       |       |     5 |     1 ||     6
       Potion            |       |       |     6 |    12 ||    18
 Stab: Sleeping          |     3 |     7 |     4 |     3 ||    17
       Held in net/web   |       |       |     1 |       ||     1
       Confused          |       |       |     8 |     3 ||    11
  Eat: Chunk             |     2 |    11 |    13 |    31 ||    57
       Ration            |       |       |     4 |     4 ||     8
Armor: Robe              |    31 |   158 |   548 |   279 ||  1016
Dodge: Dodged            |    71 |   200 |   618 |   297 ||  1186

Table legend:
 A = Non-vault XP
 B = Vault XP
 C = Vault XP percentage of total XP
 D = Non-vault monster count
 E = Vault monster count
 F = Vault count percentage of total count
                 A         B        C        D         E       F
            +---------+---------+-------+---------+---------+-------
      Total |   22677 |    3615 |  13.7 |     312 |      71 |  18.5
            +---------+---------+-------+---------+---------+-------
        D:1 |      54 |      11 |  16.9 |      30 |       5 |  14.3
        D:2 |      68 |      36 |  34.6 |      20 |      12 |  37.5
        D:3 |     160 |     221 |  58.0 |      31 |      17 |  35.4
        D:4 |     178 |      48 |  21.2 |      11 |       1 |   8.3
        D:5 |    1160 |     289 |  19.9 |      27 |      12 |  30.8
        D:6 |     865 |       0 |   0.0 |      18 |       0 |   0.0
        D:7 |     880 |      36 |   3.9 |      18 |       1 |   5.3
        D:8 |    3957 |       0 |   0.0 |      35 |       0 |   0.0
        D:9 |    2845 |       0 |   0.0 |      22 |       0 |   0.0
       D:10 |    2605 |       0 |   0.0 |      25 |       0 |   0.0
       D:11 |    4027 |       0 |   0.0 |      32 |       0 |   0.0
       D:12 |    5874 |    2412 |  29.1 |      41 |       9 |  18.0
     Temple |       4 |       0 |   0.0 |       2 |       0 |   0.0
    Ossuary |       0 |     562 | 100.0 |       0 |      14 | 100.0
            +---------+---------+-------+---------+---------+-------
